 Dungeon Crawl Stone Soup version 0.13.0-6-g40e4d2d (webtiles) character file.

581 Malachi the Grave Robber (level 6, -1/41 HPs)
             Began as a Mummy Necromancer on Oct 15, 2013.
             Was an Initiate of Sif Muna.
             Killed from afar by an orc wizard (10 damage)
             ... with a puff of flame
             ... on Level 5 of the Dungeon.
             The game lasted 00:13:39 (6647 turns).

Malachi the Grave Robber (Mummy Necromancer)        Turns: 6647, Time: 00:13:40

HP  -1/41        AC  4     Str 11      XL: 6   Next: 30%
MP   3/13        EV 12     Int 16      God: Sif Muna [......]
Gold 239         SH  0     Dex 12      Spells:  4 memorised,  3 levels left

Res.Fire  : x . .   See Invis. : .   f - +6,+1 elf dagger (venom)
Res.Cold  : + . .   Warding    : .   a - +0 robe (curse)
Life Prot.: + + +   Conserve   : .   (no shield)
Res.Poison: +       Res.Corr.  : .   i - +0 helmet
Res.Elec. : .       Clarity    : .   (no cloak)
Sust.Abil.: . .     Spirit.Shd : .   h - +0 pair of elf gloves
Res.Mut.  : .       Stasis     : .   (no boots)
Res.Rott. : +       Flight     : .   (no amulet)
Saprovore : . . .                    (no ring)
                                     (no ring)

@: somewhat resistant to hostile enchantments, unstealthy
A: no food or potions, fire vulnerability, restore body, cold resistance 1, life
protection 3, poison resistance, torment resistance, unbreathing
a: Renounce Religion


You were on level 5 of the Dungeon.
You worshipped Sif Muna.
Sif Muna was noncommittal.
You were not hungry.

You visited 1 branch of the dungeon, and saw 5 of its levels.

You collected 219 gold pieces.

Inventory:

Hand weapons
 f - a +6,+1 elven dagger of venom (weapon)
 g - a +3,+0 elven short sword
Armour
 a - a cursed +0 robe (worn)
 h - a +0 pair of elven gloves (worn)
 i - a +0 helmet (worn)
Scrolls
 c - 2 scrolls of enchant weapon I
 e - 4 scrolls of identify
Books
 b - a book of Necromancy

   Spells                             Type                      Level
   *Pain                              Necromancy                   1
   *Animate Skeleton                  Necromancy                   1
   Lethal Infusion                    Charms/Necromancy            2
   *Vampiric Draining                 Necromancy                   3
   Regeneration                       Charms/Necromancy            3
   *Animate Dead                      Necromancy                   4
   Control Undead                     Necromancy                   4


   Skills:
 - Level 0.2 Fighting
 - Level 0.1 Short Blades
 - Level 1.5 Dodging
 - Level 1.5 Stealth
 * Level 3.8 Spellcasting
 * Level 6.3 Necromancy


You had 3 spell levels left.
You knew the following spells:

 Your Spells              Type           Power        Failure   Level  Hunger
a - Pain                  Necr           ###.         1%          1    N/A
b - Animate Skeleton      Necr           N/A          1%          1    N/A
c - Vampiric Draining     Necr           ###.......   4%          3    N/A
d - Animate Dead          Necr           N/A          14%         4    N/A

Dungeon Overview and Level Annotations

Branches:
Dungeon (5/27)
 Temple: D:4-7

Altars:
Makhleb
Sif Muna

Annotations:
D:4 Antur's ghost, average MfSk


Innate Abilities, Weirdness & Mutations

You do not eat or drink.
Your flesh is vulnerable to fire.
Your flesh is cold resistant.
You are immune to negative energy.
Your system is resistant to poisons.
You are immune to unholy pain and torment.
You can survive without breathing.


Message History

Confirm with . or Enter, or press ? or * to list all spells.
There is nothing here that can be animated!
Casting: Animate Skeleton
Confirm with . or Enter, or press ? or * to list all spells.
Aiming: Vampiric Draining
Press: ? - help, Shift-Dir - straight line, f - orc wizard
Aim: an orc wizard, wielding an orcish dagger and wearing an orcish robe (moving very quickly)
The orc wizard is severely wounded.
You feel life coursing into your body.
The orc wizard hits you but does no damage.
You hit the orc wizard.
The orc wizard is poisoned.
The orc wizard is almost dead.
The orc wizard hits you but does no damage.
You barely miss the orc wizard.
The orc wizard is almost dead.
The orc wizard hits you with an orcish dagger.
* * * LOW HITPOINT WARNING * * *
The orc wizard casts a spell at you. The puff of flame hits you!
The fire burns you terribly!
You die...

### ## #.# .. #+#
#.## .# ##.## #.. .#
##...###.#####
.#######{....##o@.%.#
.......{..8......####
......###...###.##
.####.# #...##)%##
....... #.>z#....
.####.# #..o##..#.#
......###...###.#.##
.#........8r.......#
......##.....##.#..#


You could see an orc wizard.

Vanquished Creatures
  An orc priest (D:5)
  A centaur skeleton (D:3)
  A giant frog skeleton (D:5)
  A worker ant (D:4)
  Ijyb (D:5)
  A hound skeleton (D:4)
  8 adders
  A worm (D:2)
  3 giant geckos
  2 oozes (D:3)
  3 orcs
  6 bats
  4 giant cockroaches
  15 goblins
  11 hobgoblins
  7 jackals
  2 ball pythons
  8 giant newts
  14 kobolds
  15 rats
105 creatures vanquished.

Vanquished Creatures (collateral kills)
  3 goblins
  2 jackals (D:1)
  3 kobolds
  A quokka skeleton (D:4)
  A rat (D:1)
10 creatures vanquished.

Vanquished Creatures (others)
  A bat zombie (D:4)
  A giant gecko skeleton (D:1)
  2 goblin skeletons
  A goblin zombie (D:5)
  2 jackal skeletons (D:1)
  4 kobold skeletons
  A rat skeleton (D:1)
12 creatures vanquished.

Grand Total: 127 creatures vanquished

Notes
Turn   | Place    | Note
--------------------------------------------------------------
     0 | D:1      | Malachi, the Mummy Necromancer, began the quest for the Orb.
     0 | D:1      | Reached XP level 1. HP: 13/13 MP: 3/3
   287 | D:1      | Learned a level 1 spell: Animate Skeleton
   669 | D:1      | Reached XP level 2. HP: 16/19 MP: 0/4
  1568 | D:1      | Reached XP level 3. HP: 10/24 MP: 0/5
  1796 | D:1      | Reached skill level 5 in Necromancy
  2331 | D:2      | Found a burning altar of Makhleb.
  2618 | D:2      | Reached XP level 4. HP: 30/30 MP: 3/7
  3523 | D:2      | Learned a level 3 spell: Vampiric Draining
  3889 | D:3      | Reached XP level 5. HP: 14/35 MP: 6/10
  5011 | D:4      | Learned a level 4 spell: Animate Dead
  5073 | D:4      | Reached skill level 6 in Necromancy
  5096 | D:4      | Noticed Antur's ghost (average MfSk)
  5378 | D:4      | Found a deep blue altar of Sif Muna.
  5399 | D:4      | Became a worshipper of Sif Muna the Loreminder
  6111 | D:5      | Entered Level 5 of the Dungeon
  6112 | D:5      | Noticed Ijyb
  6119 | D:5      | Killed Ijyb
  6119 | D:5      | Reached XP level 6. HP: 19/41 MP: 3/13
  6607 | D:5      | Your ally Ijyb died
  6647 | D:5      | Killed from afar by an orc wizard

Action                   |  1- 3 |  4- 6 || total
-------------------------+-------+-------++-------
Melee: Dagger            |    45 |    15 ||    60
       Unarmed           |     2 |       ||     2
       Short sword       |     9 |    44 ||    53
 Cast: Pain              |    58 |   124 ||   182
       Animate Skeleton  |    17 |    14 ||    31
       Vampiric Draining |       |     9 ||     9
       Animate Dead      |       |     4 ||     4
  Use: Scroll            |       |    11 ||    11
 Stab: Distracted        |       |     1 ||     1
       Sleeping          |       |     1 ||     1
